AoeStats
← NDF

Arena

507600297Analyzed
2v2 RM · 12d ago on Sep 18, 2026· 44m 20s· 4 players
Game mode
Random Map
Map size
Medium (4 player)
Population
200
Speed
Normal
Resources
Standard
Victory
Conquest
Starting age
Dark Age
Ending age
Imperial Age
RankedLock teamsTeams togetherTeam positionsShared explorationLock speedFull tech treeHidden civsTurbo modeCheats
Victory
Defeat
🇨🇴 Slavs · Colombia
863
+12
🇨🇴 Ethiopians · Colombia
797
+14
🇦🇷 Teutons · Argentina
763
-13
🇦🇷 Spanish · Argentina
763
-13
NDF
2:43 Loom
13:50 Feudal Age
25:24 Castle Age
23:16 Double-Bit Axe
24:22 Arson
24:45 Horse Collar
26:19 Gold Mining
26:22 Stone Mining
29:29 Stone Shaft Mining
29:17 Squires
28:37 Pikeman
estebanpa
10:58 Feudal Age
9:13 Loom
11:37 Gold Mining
11:41 Stone Mining
13:45 Double-Bit Axe
14:12 Horse Collar
15:01 Scale Barding Armor
24:16 Castle Age
23:52 Man-at-Arms
26:16 Bow Saw
26:10 Heavy Plow
27:43 Stone Shaft Mining
29:21 Redemption
31:52 Squires
31:13 Pikeman
marioastroza
1:21 Loom
11:30 Feudal Age
16:48 Scale Mail Armor
22:32 Castle Age
21:46 Fletching
24:07 Thumb Ring
23:24 Man-at-Arms
28:01 Padded Archer Armor
29:56 Town Watch
30:43 Crossbowman
43:02 Gold Mining
43:04 Stone Mining
43:01 Double-Bit Axe
sebasrey300
7:43 Loom
9:50 Feudal Age
10:16 Horse Collar
10:22 Double-Bit Axe
11:21 Wheelbarrow
15:28 Stone Mining
15:30 Gold Mining
15:47 Town Watch
19:17 Castle Age
19:18 Forging
20:06 Scale Barding Armor
20:20 Bow Saw
20:48 Bloodlines
22:43 Chain Barding Armor
23:14 Husbandry
24:48 Heavy Plow
28:09 Iron Casting
28:08 Fletching
29:18 Bodkin Arrow
30:08 Gold Shaft Mining
34:39 Hand Cart
34:26 Town Patrol
37:15 Imperial Age
37:21 Capped Ram
39:19 Blast Furnace
37:42 Cavalier
39:47 Plate Barding Armor
41:16 Masonry
41:06 Siege Ram
Connection lost

Rejoining the realm…

Still unreachable

The connection could not be restored.

Session expired

The server has moved on; the page needs a fresh start.